 Dungeon Crawl Stone Soup version 0.21.1-1-g345015f (webtiles) character file.

676879 Ymberto the Slayer (level 27, -1/254 HPs)
             Began as a Human Hunter on July 22, 2018.
             Was the Champion of Okawaru.
             Slain by a six-headed hydra zombie (6 damage)
             ... animated by the effects of Hell
             ... on level 7 of Cocytus on July 23, 2018.
             The game lasted 04:38:46 (96706 turns).

Ymberto the Slayer (Human Hunter)                  Turns: 96706, Time: 04:38:47

Health: -1/254     AC: 39    Str: 23 (25) XL:     27
Magic:  14/26      EV: 36    Int: 18      God:    Okawaru [******]
Gold:   2160       SH:  0    Dex: 25      Spells: 26/26 levels left

rFire    + . .     SeeInvis +   a - +7 arbalest of Embarrassment {penet, Dex+5}
rCold    + + .     Gourm    .   (shield currently unavailable)
rNeg     + + +     Faith    .   s - +5 chain mail of the Aged Moons {-Cast +Fly Slay+4 SInv}
rPois    +         Spirit   .   V - +2 helmet "Jiossalu" {rPois rF+ rN++ Stlth-}
rElec    +         Reflect  .   A - +1 cloak of Starlight {rElec rC+ EV+4 Stlth--}
rCorr    .         Harm     .   U - +3 pair of gauntlets of War {Slay+5}
MR       +++++     NoCast   +   v - +2 pair of boots
Stlth    ..........             R - amulet of Vuiph {+Rage rF+ rC+ Str+3}
HPRegen  0.52/turn              Z - ring "Nobloj" {rF- MR++ EV+5 Dex+4 Stlth+}
MPRegen  0.20/turn              O - ring of Noelaug {*Slow +Inv rN+ MR+ Str+3}

@: studying Crossbows
A: rugged brown scales 1, clever 1, low mp 1, sense surroundings 1
}: 3/15 runes: decaying, serpentine, silver
a: Heroism, Finesse, Renounce Religion, Evoke Berserk Rage, Evoke Invisibility,
Evoke Flight


You were on level 7 of Cocytus.
You worshipped Okawaru.
Okawaru was exalted by your worship.
You were not hungry.

You visited 13 branches of the dungeon, and saw 57 of its levels.
You also visited: Labyrinth.

You collected 6430 gold pieces.
You spent 4270 gold pieces at shops.

Inventory:

Hand Weapons
 a - the +7 arbalest of Embarrassment (weapon) {penet, Dex+5}
   (Okawaru gifted it to you on level 4 of the Snake Pit)

   Ammo fired by it will pass through the targets it hits, potentially hitting
   all targets in its path until it reaches maximum range.
   It affects your dexterity (+5).
 b - the +10 great mace of the Shoals {antimagic, rN++ Str-2 Dex+4}
   (You found it on level 2 of the Snake Pit)

   It reduces the magical energy of the wielder, and disrupts the spells and
   magical abilities of those hit.
   Natural abilities and divine invocations are not affected.
   It affects your strength (-2).
   It affects your dexterity (+4).
   It greatly protects you from negative energy.
Missiles
 d - 1293 bolts (quivered)
Armour
 s - the +5 chain mail of the Aged Moons (worn) {-Cast +Fly Slay+4 SInv}
   (Okawaru gifted it to you on level 3 of the Crypt)

   It affects your accuracy and damage with ranged weapons and melee attacks
   (+4).
   It lets you see invisible.
   It lets you fly.
   It prevents spellcasting.
 v - a +2 pair of boots (worn)
 A - the +1 cloak of Starlight (worn) {rElec rC+ EV+4 Stlth--}
   (You found it on level 3 of the Elven Halls)

   It affects your evasion (+4).
   It protects you from cold.
   It insulates you from electricity.
   It makes you much less stealthy.
 E - the +10 plate armour of Xubadduo {+Fly MP+9 Str-3}
   (You found it on level 3 of the Elven Halls)

   It affects your strength (-3).
   It affects your magic capacity (+9).
   It lets you fly.
 U - the +3 pair of gauntlets of War (worn) {Slay+5}
   (You found it in a labyrinth)

   It affects your accuracy and damage with ranged weapons and melee attacks
   (+5).
 V - the +2 helmet "Jiossalu" (worn) {rPois rF+ rN++ Stlth-}
   (You acquired it on level 5 of the Vaults)

   It protects you from fire.
   It protects you from poison.
   It greatly protects you from negative energy.
   It makes you less stealthy.
Jewellery
 O - the ring of Noelaug (right hand) {*Slow +Inv rN+ MR+ Str+3}
   (You found it on level 3 of the Crypt)

   [ring of positive energy]

   It affects your strength (+3).
   It protects you from negative energy.
   It affects your resistance to hostile enchantments.
   It lets you turn invisible.
   It may slow you when you take damage.
 R - the amulet of Vuiph (around neck) {+Rage rF+ rC+ Str+3}
   (You took it off a deep elf death mage on level 3 of the Elven Halls)

   [amulet of rage]

   It affects your strength (+3).
   It protects you from fire.
   It protects you from cold.
   It lets you go berserk.
 Z - the ring "Nobloj" (left hand) {rF- MR++ EV+5 Dex+4 Stlth+}
   (You took it off a deep elf demonologist on level 3 of the Elven Halls)

   [ring of evasion]

   It affects your evasion (+5).
   It affects your dexterity (+4).
   It makes you vulnerable to fire.
   It affects your resistance to hostile enchantments.
   It makes you more stealthy.
Wands
 h - a wand of disintegration (12)
 l - a wand of flame (195)
 x - a wand of acid (43)
 I - a wand of iceblast (70)
Scrolls
 g - 6 scrolls of magic mapping
 i - 33 scrolls of remove curse
 o - 5 scrolls of identify
 p - 8 scrolls of fear
 r - 8 scrolls of teleportation
 K - 2 scrolls of silence
Potions
 f - 3 potions of mutation
 j - 6 potions of cancellation
 m - 3 potions of berserk rage
 u - 6 potions of flight
 w - 2 potions of resistance
 B - 16 potions of curing
 C - 4 potions of agility
 D - 3 potions of ambrosia
 F - 7 potions of invisibility
 N - 3 potions of might
 P - 6 potions of haste
Books
 e - a manual of Crossbows
Comestibles
 c - 31 rations


   Skills:
 + Level 26.8 Fighting
 - Level 20.2 Maces & Flails
 - Level 18.0 Crossbows
 - Level 24.0 Armour
 - Level 21.0 Dodging
 - Level 1.0 Stealth
 - Level 8.0 Invocations


You had 26 spell levels left.
You didn't know any spells.

Dungeon Overview and Level Annotations

Branches:
Dungeon (15/15)            Temple (1/1) D:5            Lair (6/6) D:10
  Swamp (4/4) Lair:2        Snake (4/4) Lair:4        Slime (0/5) Lair:6
    Orc (2/2) D:12            Elf (3/3) Orc:2        Vaults (5/5) D:13
  Crypt (3/3) Vaults:2       Tomb (1/3) Crypt:3      Depths (5/5) D:15
   Hell (1/1)                 Dis (0/7) Hell            Geh (0/7) Hell
    Coc (7/7) Hell            Tar (0/7) Hell            Zot (0/5) Depths:5

Altars:
Ashenzari
Cheibriados
Dithmenos
Elyvilon
Fedhas
Gozag
Hepliaklqana
Kikubaaqudgha
Makhleb
Nemelex Xobeh
Okawaru
Qazlal
Ru
Sif Muna
Trog
Uskayaw
Vehumet
Wu Jian
Xom
Yredelemnul
Zin
The Shining One
Lugonu

Shops:
D:5 ?   D:8 *   D:12 }   D:14 [   Orc:1 %   Orc:2 =%*!   Elf:1 ?   Snake:1 =*}(
Vaults:1 *:   Vaults:5 *=   Depths:1 :![*

Portals:
Hell: Depths:1 Depths:2 Depths:3 Depths:4 Depths:5
Abyss: Depths:1 Depths:4 Depths:5
Pandemonium: Depths:3
Ziggurat: Depths:4

Annotations:
D:11 2 runed doors


Innate Abilities, Weirdness & Mutations

You are partially covered in rugged brown scales. (AC +1, +3% HP)
Your mind is acute. (Int +2)
Your magical capacity is low. (-10% MP)
You passively map a small area around you.


Message History

Press: ? - help, Shift-Dir - straight line, f/p - Ice Fiend
Aim: an Ice Fiend (severely wounded)
You shoot a bolt. The bolt pierces through the Ice Fiend!
The Ice Fiend is almost dead.
You hear a splash.
The spriggan skeleton completely misses you.
The Ice Fiend calls on the powers of darkness!
Your body is wracked with pain!
* * * LOW HITPOINT WARNING * * *
Firing (i - inventory):
d - 1294 bolts (quivered)
Press: ? - help, Shift-Dir - straight line, f/p - Ice Fiend
Aim: an Ice Fiend (severely wounded)
You shoot a bolt.
The bolt pierces through the Ice Fiend!!!
You kill the Ice Fiend!
Okawaru accepts your kill.
You feel your strength returning.
You hear a splash.
The six-headed hydra zombie bites you.
You die...

#≈≈≈≈≈≈≈≈≈≈≈.....≈≈≈≈≈
#≈≈≈≈≈≈≈≈≈≈≈≈≈≈≈≈≈≈≈≈≈
#≈≈≈≈≈≈≈≈≈≈≈≈≈≈≈≈≈≈≈≈≈
#≈≈≈≈≈≈≈≈≈≈≈≈ ≈ ≈≈≈
#≈≈≈≈≈≈≈≈≈≈≈≈ ≈≈≈
#≈≈≈.≈≈≈≈≈≈≈≈≈ ≈≈≈
#≈≈≈..≈≈≈≈≈≈≈ ≈≈≈≈
#≈≈≈...≈≈≈≈≈≈ ≈≈≈
#≈≈≈(@Z≈≈≈≈≈≈ ≈≈≈
#≈≈≈.Z(≈≈≈≈≈≈ ≈≈≈
#≈≈≈≈..≈≈≈≈≈≈ ≈≈≈
#≈≈≈≈..≈≈≈≈≈≈≈ ≈≈≈
#≈≈≈≈≈.≈≈≈≈≈≈≈ .≈≈
#≈≈≈≈≈.≈≈≈≈≈≈ .≈≈
#≈≈≈≈≈.≈≈≈≈≈≈ ≈≈≈
#≈≈≈≈≈..≈≈≈≈≈ ≈


You could see a six-headed hydra zombie and a spriggan skeleton.

Vanquished Creatures
  5 ancient liches
  Mara (Swamp:3)
  Mennas (Depths:4)
  2 juggernauts
  Sojobo (Depths:1)
  3 greater mummies (Tomb:1)
  Margery (Depths:4)
  Vashnia (Snake:4)
  the Lernaean hydra (Swamp:4)
  8 shard shrikes
  8 caustic shrikes
  Bai Suzhen (Elf:3)
  3 golden dragons
  Geryon (Hell)
  Jory (Vaults:4)
  The ghost of wistyy the Slayer, an adept MiFi of Okawaru (Vaults:5)
  6 bone dragons
  6 liches
  Jorgrun (Vaults:1)
  6 tentacled monstrosities
  19 Ice Fiends
  3 deep elf blademasters
  The ghost of Th3D0c the Executioner, an adept MiBe of Trog (Swamp:4)
  2 quicksilver dragons
  2 eldritch tentacles
  8 titans
  2 deep elf master archers (Elf:3)
  2 Executioners
  The ghost of aaksess the Fetichist, an adept DDAr of Jiyva (Snake:4)
  10 sphinxes
  10 ancient champions
  3 shadow dragons
  2 storm dragons
  The ghost of wojtek the Severer, an adept MiFi of Makhleb (Swamp:4)
  2 thorn hunters
  Gastronok (Orc:1)
  6 tengu reavers
  A draconian monk (Depths:5)
  11 nagarajas
  5 revenants
  7 deep elf sorcerers
  10 vault wardens
  17 frost giants
  A draconian shifter (Depths:5)
  10 fire giants
  A cacodemon (Depths:4)
  4 iron dragons
  The ghost of Ymberto the Carver, a journeyman HuHu of Okawaru (D:14)
  A balrug (Hell)
  Aizul (Swamp:3)
  A curse skull (Crypt:3)
  6 ghouls
  21 very ugly things
  3 war gargoyles
  5 deep elf elementalists
  10 reapers
  18 ironheart preservers
  3 elemental wellsprings
  27 stone giants
  9 deep elf demonologists
  5 vampire knights
  Nessos (Orc:2)
  A green draconian (Depths:5)
  A black draconian (Depths:5)
  12 deep elf annihilators
  A purple draconian (Depths:5)
  A red draconian (Depths:5)
  2 spark wasps
  7 dire elephants
  A yellow draconian (Depths:5)
  A white draconian (Depths:5)
  10 blizzard demons
  5 mummy priests (Tomb:1)
  Snorg (D:9)
  4 eidola
  9 ettins
  2 quicksilver dragon zombies (Coc:6)
  A minotaur (Lab)
  11 deep elf death magi
  A kraken zombie (Coc:1)
  8 jiangshi (Crypt:3)
  Josephine (D:14)
  7 deep elf high priests
  13 hydras
  The ghost of Rwicked the Geomancer, a journeyman GrEE of Vehumet (Lair:3)
  13 yaktaur captains
  16 naga warriors
  9 rakshasas
  12 fire dragons
  A quicksilver dragon skeleton (Coc:7)
  The ghost of wojtek the Cleaver, a journeyman MiFi of Makhleb (D:13)
  Erolcha (D:13)
  16 great orbs of eyes
  The ghost of Ymberto the Fighter, a journeyman HuHu of Okawaru (D:10)
  29 ice dragons
  31 vault guards
  5 spriggan air magi (Depths:3)
  2 catoblepae
  13 centaur warriors
  A death knight (Vaults:2)
  16 ogre magi
  8 alligators
  25 anacondas
  31 two-headed ogres
  33 dancing weapons
  9 deep troll earth magi
  3 tengu warriors
  4 orc high priests (Orc:2)
  10 death scarabs (Tomb:1)
  6 vampire magi
  Urug (D:13)
  16 deep troll shamans
  4 titan zombies
  4 spriggan berserkers
  5 shock serpents
  12 soul eaters
  12 hell knights
  13 naga sharpshooters
  5 sun demons
  2 iron trolls
  3 storm dragon zombies (Coc:6)
  19 deep elf knights
  4 sixfirhies
  2 titan skeletons
  2 iron golems (Depths:4)
  A spriggan druid (Swamp:3)
  113 skeletal warriors
  5 shadow wraiths
  13 anaconda zombies
  2 glowing orange brains
  3 salamander mystics (Snake:4)
  3 storm dragon skeletons (Crypt:3)
  31 deep trolls
  3 golden dragon zombies
  2 unseen horrors (Vaults:1)
  2 shadow dragon zombies (Coc:1)
  An entropy weaver zombie (Vaults:3)
  2 shambling mangroves
  10 swamp dragons
  19 deep elf archers
  3 golden dragon skeletons
  2 anaconda skeletons
  9 naga ritualists
  9 wizards
  3 flayed ghosts
  15 phantasmal warriors
  2 obsidian statues (Depths:1)
  11 necromancers
  21 ironbrand convokers
  3 wolf spider zombies
  An orb spider (shapeshifter) (Depths:3)
  8 harpies
  15 mana vipers
  2 iron dragon zombies (Coc:5)
  10 orc knights
  64 deep elf magi
  3 shadow dragon skeletons
  5 wolf spiders
  A mana viper (shapeshifter) (Elf:1)
  44 ugly things
  4 fire giant zombies
  5 salamanders
  9 elephants (Lair:6)
  2 stone giant zombies
  An orc sorcerer (Orc:2)
  11 frost giant zombies
  8 cyclopes
  2 salamanders (shapeshifter)
  7 fire giant skeletons
  3 stone giant skeletons (Coc:1)
  23 black mambas
  An elephant (shapeshifter) (Vaults:5)
  A manticore (D:13)
  Joseph (D:7)
  7 guardian serpents
  2 frost giant skeletons
  13 spiny frogs
  3 dire elephant zombies
  A water nymph (shapeshifter) (Vaults:1)
  3 iron dragon skeletons
  12 rust devils
  A spiny frog (shapeshifter) (Vaults:5)
  A gargoyle (D:12)
  18 vault sentinels
  11 naga magi
  A titan simulacrum (Coc:1)
  3 orange demons
  A human zombie (Vaults:3)
  A catoblepas zombie (Crypt:3)
  A dire elephant skeleton (Crypt:3)
  A small abomination (Elf:3)
  28 freezing wraiths
  A yellow draconian zombie (Crypt:2)
  A yaktaur (shapeshifter) (Depths:1)
  3 rime drakes
  7 komodo dragons
  An emperor scorpion zombie (Coc:1)
  36 yaktaurs
  9 hellwings
  5 tormentors
  31 ice devils
  A harpy zombie (Coc:6)
  15 hydra zombies
  3 tengu conjurers
  7 trolls
  19 guardian mummies
  3 meliai (D:14)
  5 red devils
  A troll (shapeshifter) (Depths:3)
  A yellow draconian skeleton (Coc:6)
  2 polar bears
  7 tyrant leeches
  A jumping spider (shapeshifter) (Vaults:2)
  A merfolk (D:15)
  2 shadow dragon simulacra
  A merfolk (shapeshifter) (Elf:3)
  18 hornets
  4 harpy skeletons
  9 bog bodies
  16 blink frogs
  5 ice dragon zombies
  13 alligator zombies
  9 hydra skeletons
  2 blink frogs (shapeshifter)
  A hippogriff (shapeshifter) (Vaults:1)
  A dream sheep (Lair:6)
  14 slime creatures
  2 fire dragon zombies
  A frost giant simulacrum (Vaults:3)
  3 air elementals
  11 hippogriffs
  A redback (shapeshifter) (Depths:3)
  An ettin zombie (Coc:7)
  65 flying skulls
  4 ettin skeletons
  A ynoxinul (Depths:1)
  9 shadows
  7 spriggans
  3 alligator skeletons
  A tarantella (shapeshifter) (Depths:1)
  8 wyverns
  4 ice dragon skeletons
  31 yaks
  7 hungry ghosts
  A human (D:8)
  A black mamba zombie (Coc:4)
  4 fire bats (Depths:5)
  3 ushabtiu (Tomb:1)
  8 wraiths
  4 hogs (D:8)
  19 water elementals
  The ghost of Ymberto the Skirmisher, an amateur HuHu (D:4)
  2 basilisks
  A basilisk (shapeshifter) (Depths:2)
  A catoblepas simulacrum (Coc:6)
  18 vampire mosquitoes
  2 chaos spawn (Depths:1)
  10 fire elementals
  11 insubstantial wisps
  16 swamp worms
  2 acid dragons (Vaults:2)
  A wind drake skeleton (Crypt:2)
  51 nagas
  3 wargs
  An orb spider zombie (Crypt:3)
  5 hell hounds
  11 spiny frog zombies
  2 acid dragons (shapeshifter) (Vaults:4)
  13 porcupines
  A water nymph skeleton (Crypt:3)
  Duvessa (D:7)
  A merfolk skeleton (Crypt:3)
  18 water moccasins
  4 hydra simulacra
  A torturous demonspawn skeleton (Crypt:1)
  A black bear (D:11)
  10 ice beasts
  6 spiny frog skeletons
  30 orc warriors
  2 snapping turtle zombies
  8 sky beasts
  7 necrophages
  4 swamp dragon zombies
  17 swamp drakes
  2 eyes of draining
  5 phantoms
  2 fire dragon simulacra
  A black mamba simulacrum (Coc:4)
  3 alligator simulacra
  A boggart (shapeshifter) (Vaults:2)
  A lindwurm zombie (Crypt:1)
  17 boggarts
  40 ogres
  11 wolves
  8 crocodiles
  2 swamp dragon skeletons (Coc:6)
  A wolf (shapeshifter) (Vaults:5)
  25 centaurs
  A hippogriff zombie (Crypt:3)
  A manticore skeleton (Coc:5)
  7 snapping turtle skeletons
  3 big kobolds (D:13)
  A big kobold (shapeshifter) (Vaults:4)
  An elf zombie (Crypt:1)
  An octopode zombie (Crypt:2)
  23 bullfrogs
  Dowan (D:7)
  2 human skeletons
  3 earth elementals
  3 spiny frog simulacra
  A wyvern skeleton (D:13)
  3 scorpions
  A scorpion (shapeshifter) (Vaults:1)
  A spriggan zombie (Coc:6)
  A warg skeleton (Crypt:2)
  11 killer bees
  A killer bee (shapeshifter) (Depths:3)
  A troll skeleton (Crypt:3)
  22 wights
  3 electric eels
  A polar bear skeleton (Crypt:3)
  8 howler monkeys
  11 crimson imps
  3 centaur zombies
  A bullfrog zombie (D:11)
  12 hounds
  2 quasits
  27 orc priests
  A demonspawn zombie (Crypt:2)
  2 bullfrog skeletons
  4 jellies
  35 orc wizards
  A centaur skeleton (D:7)
  3 hell rats (Depths:4)
  7 iguanas
  6 worker ants
  A naga zombie (Coc:6)
  A crocodile zombie (Crypt:1)
  A deep dwarf skeleton (Crypt:3)
  An ogre skeleton (Coc:5)
  A crocodile skeleton (Crypt:1)
  A hound zombie (D:7)
  A hound skeleton (D:6)
  34 mummies
  A howler monkey zombie (D:10)
  3 gnolls (D:3)
  17 adders
  A swamp drake skeleton (Crypt:1)
  4 shadow imps
  23 white imps
  7 oozes
  An adder skeleton (D:7)
  An adder zombie (D:8)
  A worm (shapeshifter) (Depths:3)
  2 dart slugs (D:2)
  4 worms
  9 leopard geckos
  86 orcs
  4 giant cockroaches
  8 goblins
  12 hobgoblins
  8 jackals
  7 quokkas
  6 ball pythons
  6 bats
  7 frilled lizards
  A jackal skeleton (D:4)
  11 kobolds
  A kobold skeleton (Coc:5)
  A leopard gecko skeleton (D:6)
  An orc skeleton (Coc:4)
  A quokka skeleton (D:6)
  11 rats
  2 plants (Lair:6)
  2 tentacles (Coc:1)
2781 creatures vanquished.

Vanquished Creatures (collateral kills)
  4 vampire mosquitoes (Lair:2)
4 creatures vanquished.

Vanquished Creatures (others)
  An eldritch tentacle (Coc:2)
  A tengu reaver (Depths:1)
  An elemental wellspring (Coc:3)
  An ettin (Vaults:5)
  An ice dragon (Coc:7)
  An iron troll (Depths:1)
  A sun demon (Hell)
  An unseen horror (Vaults:1)
  A deep elf mage (Elf:1)
  A deep elf archer (Elf:1)
  A hydra skeleton (Coc:7)
  A hornet (Swamp:4)
  A hippogriff (shapeshifter) (Depths:3)
  A flying skull (Coc:4)
  2 hell hounds (Hell)
  An ogre (Vaults:4)
  3 hell rats (Hell)
  11 fungi
  7 plants
  6 tentacles (Coc:1)
44 creatures vanquished.

Grand Total: 2829 creatures vanquished

Notes
Turn   | Place    | Note
-------+----------+-------------------------------------------
     0 | D:1      | Ymberto the Human Hunter began the quest for the Orb.
     0 | D:1      | Reached XP level 1. HP: 16/16 MP: 1/1
   372 | D:1      | Reached XP level 2. HP: 21/23 MP: 2/2
   607 | D:1      | Reached skill level 3 in Fighting
   861 | D:1      | Reached XP level 3. HP: 27/29 MP: 3/3
  1670 | D:2      | Reached skill level 4 in Fighting
  1670 | D:2      | Reached XP level 4. HP: 34/37 MP: 4/4
  2480 | D:3      | Reached XP level 5. HP: 29/43 MP: 5/5
  2761 | D:3      | Reached skill level 5 in Fighting
  3066 | D:3      | Reached skill level 1 in Maces & Flails
  3792 | D:4      | Noticed Ymberto's ghost (amateur HuHu)
  3972 | D:4      | Noticed a phantom
  4181 | D:4      | Reached XP level 6. HP: 50/51 MP: 6/6
  4604 | D:4      | Noticed an ogre
  4918 | D:4      | Killed an ogre
  5632 | D:5      | Entered Level 5 of the Dungeon
  5661 | D:5      | Found a staircase to the Ecumenical Temple.
  5670 | Temple   | Entered the Ecumenical Temple
  5711 | Temple   | Became a worshipper of Warmaster Okawaru
  6057 | D:4      | Killed Ymberto's ghost
  6057 | D:4      | Reached * piety under Okawaru
  6057 | D:4      | Reached skill level 5 in Maces & Flails
  6057 | D:4      | Reached XP level 7. HP: 7/56 MP: 7/7
  6418 | D:5      | Found Ohej's Magic Scroll Emporium.
  6421 | D:5      | Bought a scroll of identify for 24 gold pieces
  6421 | D:5      | Bought a scroll of identify for 24 gold pieces
  6421 | D:5      | Bought a scroll of identify for 24 gold pieces
  6421 | D:5      | Bought a scroll of identify for 24 gold pieces
  6427 | D:5      | Reached skill level 10 in Fighting
  6427 | D:5      | Reached skill level 10 in Maces & Flails
  6427 | D:5      | Reached XP level 8. HP: 72/72 MP: 8/8
  6780 | D:5      | Reached skill level 1 in Armour
  6899 | D:5      | Reached ** piety under Okawaru
  6981 | D:5      | Reached XP level 9. HP: 68/76 MP: 9/9
  7392 | D:6      | Found an opulent altar of Gozag.
  7782 | D:6      | Found a glowing golden altar of the Shining One.
  8406 | D:6      | HP: 3/76 [poisoned by a killer bee]
  8939 | D:7      | Found a shadowy altar of Dithmenos.
  9014 | D:7      | Noticed Duvessa
  9014 | D:7      | Noticed Dowan
  9029 | D:7      | Killed Duvessa
  9048 | D:7      | Killed Dowan
  9048 | D:7      | Reached *** piety under Okawaru
  9179 | D:7      | Reached skill level 5 in Dodging
  9248 | D:7      | Reached XP level 10. HP: 33/85 MP: 10/10
 10308 | D:8      | Noticed Joseph
 10358 | D:8      | Noticed a two-headed ogre
 10741 | D:7      | Killed Joseph
 10741 | D:7      | Reached skill level 5 in Armour
 10963 | D:7      | HP: 3/85 [two-headed ogre/giant club (5)]
 10964 | D:7      | Killed a two-headed ogre
 10964 | D:7      | Reached **** piety under Okawaru
 10964 | D:7      | Received a gift from Okawaru
 11365 | D:8      | Found a blossoming altar of Fedhas.
 11662 | D:8      | Found Foirut's Assorted Antiques.
 11678 | D:8      | Bought a runed helmet for 180 gold pieces
 11678 | D:8      | Bought an encrusted diamond ring for 120 gold pieces
 11727 | D:8      | Found a stormy altar of Qazlal.
 11805 | D:8      | Reached ***** piety under Okawaru
 12039 | D:8      | Reached XP level 11. HP: 78/91 MP: 11/11
 12985 | D:9      | Reached skill level 5 in Crossbows
 13262 | D:10     | Entered Level 10 of the Dungeon
 13290 | D:10     | Noticed Snorg
 13893 | D:10     | Received a gift from Okawaru
 14090 | D:10     | Found a staircase to the Lair.
 14248 | D:10     | Identified a scroll of acquirement
 14377 | D:10     | Received a gift from Okawaru
 14447 | D:10     | Reached skill level 1 in Invocations
 14550 | D:10     | Noticed Ymberto's ghost (journeyman HuHu)
 14590 | D:9      | Killed Snorg
 14679 | D:10     | Killed Ymberto's ghost
 14679 | D:10     | Received a gift from Okawaru
 14679 | D:10     | Reached skill level 5 in Invocations
 14704 | D:10     | Noticed a two-headed ogre
 14714 | D:10     | Killed a two-headed ogre
 15255 | D:11     | Noticed a fire dragon
 15257 | D:11     | Noticed an ice dragon
 15258 | D:11     | Found a runed door.
 15258 | D:11     | Found a runed door.
 15260 | D:11     | Found the +2 shield of Resistance {rF+ rC+ MR+}
 15260 | D:11     | Noticed an ice dragon
 15262 | D:11     | Noticed a fire dragon
 15415 | D:11     | Reached XP level 12. HP: 75/97 MP: 17/17
 16232 | D:5      | Bought a scroll of enchant armour for 90 gold pieces
 16232 | D:5      | Bought a scroll of enchant weapon for 90 gold pieces
 16496 | Lair:1   | Entered Level 1 of the Lair of Beasts
 16522 | Lair:1   | Got a vibrating ivory amulet
 16976 | Lair:1   | Received a gift from Okawaru
 16979 | Lair:1   | Got a faintly humming ring mail {god gift}
 16999 | Lair:1   | Identified the +3 ring mail "Luf Gaug" {+Fly Str+2 Stlth+} (Okawaru gifted it to you on level 1 of the Lair of Beasts)
 18229 | Lair:2   | Found a staircase to the Swamp.
 18736 | Lair:2   | Identified the amulet of Pineg {Inacc *Drain rPois Int+4 SInv} (You found it on level 1 of the Lair of Beasts)
 19179 | Lair:3   | Noticed Rwicked's ghost (journeyman GrEE)
 19243 | Lair:3   | Killed Rwicked's ghost
 19243 | Lair:3   | Received a gift from Okawaru
 19243 | Lair:3   | Reached skill level 11 in Fighting
 19243 | Lair:3   | Reached XP level 13. HP: 66/106 MP: 19/19
 19422 | Lair:3   | Received a gift from Okawaru
 19927 | Lair:3   | Got a fine flail
 19928 | Lair:3   | Identified the +3 flail of the Hand {venom, rPois rC+ Str-3} (You found it on level 3 of the Lair of Beasts)
 20013 | Lair:3   | Noticed a catoblepas
 20030 | Lair:3   | Killed a catoblepas
 20678 | Lair:4   | Found the ring of the Octopus King
 20693 | Lair:4   | Got a ring of the Octopus King
 20695 | Lair:4   | Identified a ring of the Octopus King {rCorr AC+1 EV+1 Str+1 Int+1 Dex+1} (You found it on level 4 of the Lair of Beasts)
 20811 | Lair:4   | Reached skill level 12 in Fighting
 20877 | Lair:4   | Received a gift from Okawaru
 21333 | Lair:4   | Found a staircase to the Snake Pit.
 21893 | Lair:5   | Found a labyrinth entrance.
 21902 | Lab      | Entered a labyrinth
 22214 | Lab      | Found the +3 pair of gauntlets of War {Slay+5}
 22216 | Lab      | Noticed a minotaur
 22235 | Lab      | Killed a minotaur
 22257 | Lab      | Got a transparent wooden ring
 22276 | Lab      | Identified the ring "Goggak" {*Tele rElec rC+} (You found it in a labyrinth)
 22394 | Lair:5   | Received a gift from Okawaru
 22398 | Lair:5   | Got a distressingly furry chain mail {god gift}
 22409 | Lair:5   | Identified the +1 chain mail of Diqeosch {rPois} (Okawaru gifted it to you on level 5 of the Lair of Beasts)
 23106 | Lair:6   | Entered Level 6 of the Lair of Beasts
 23119 | Lair:6   | Found a staircase to the Slime Pits.
 23636 | Lair:6   | Reached skill level 13 in Fighting
 23641 | Lair:6   | Reached XP level 14. HP: 95/118 MP: 20/20
 24633 | Lair:6   | Reached ****** piety under Okawaru
 24633 | Lair:6   | Received a gift from Okawaru
 24973 | Lair:6   | Noticed a dire elephant
 24973 | Lair:6   | Noticed a dire elephant
 24978 | Lair:6   | Noticed a dire elephant
 24988 | Lair:6   | Killed a dire elephant
 24988 | Lair:6   | Received a gift from Okawaru
 24996 | Lair:6   | Killed a dire elephant
 25004 | Lair:6   | Killed a dire elephant
 25040 | Lair:6   | Got a crude mace
 25041 | Lair:6   | Identified the +9 mace of the Walnut {crush, rF+ rC- rN+ Str+2} (You found it on level 6 of the Lair of Beasts)
 25265 | Lair:6   | Noticed a dire elephant
 25282 | Lair:6   | HP: 3/118 [dire elephant (4)]
 25283 | Lair:6   | Killed a dire elephant
 25757 | Lair:6   | Received a gift from Okawaru
 25797 | Lair:6   | Got a steaming leather armour
 25808 | Lair:6   | Identified the cursed +0 leather armour of the Wasteland {rN+++ MR- Regen+ Stlth+} (You found it on level 6 of the Lair of Beasts)
 26115 | D:12     | Found Awad's Gadget Shoppe.
 26603 | D:12     | Found a staircase to the Orcish Mines.
 26704 | D:12     | Reached skill level 14 in Fighting
 26846 | D:12     | Reached skill level 10 in Crossbows
 27491 | D:13     | Found a corrupted altar of Lugonu.
 27535 | D:13     | Received a gift from Okawaru
 27710 | D:13     | Reached XP level 15. HP: 126/126 MP: 21/21
 27719 | D:13     | Noticed Urug
 27926 | D:13     | Received a gift from Okawaru
 27983 | D:13     | Got a twisted scale mail
 27994 | D:13     | Identified the cursed +1 scale mail "Cunin" {rCorr Str-5 Dex+3 Slay+3} (You found it on level 13 of the Dungeon)
 28028 | D:13     | Noticed Erolcha
 28034 | D:13     | Killed Erolcha
 28037 | D:13     | Killed Urug
 28320 | D:13     | Noticed wojtek's ghost (journeyman MiFi)
 28732 | D:13     | Killed wojtek's ghost
 28817 | D:13     | Found a gate to the Vaults.
 29464 | D:14     | Noticed Josephine
 29469 | D:14     | Killed Josephine
 29509 | D:14     | Found Ybues's Antique Armour Boutique.
 29563 | D:14     | Bought a bloodstained scale mail for 252 gold pieces
 29573 | D:14     | Identified the +5 scale mail of the Rabble {rPois} (You bought it in a shop on level 14 of the Dungeon)
 29577 | D:14     | Noticed Ymberto's ghost (journeyman HuHu)
 30078 | D:14     | Killed Ymberto's ghost
 30289 | D:14     | Received a gift from Okawaru
 30327 | D:13     | Received a gift from Okawaru
 30334 | D:13     | Got a transparent eveningstar {god gift}
 30335 | D:13     | Identified the +6 eveningstar "Ymouhifi" {antimagic, rN+ Str-4 Dex+3} (Okawaru gifted it to you on level 13 of the Dungeon)
 30777 | D:15     | Entered Level 15 of the Dungeon
 32160 | D:15     | Found a staircase to the Depths.
 32165 | D:15     | Paralysed by a great orb of eyes for 4 turns
 32694 | Orc:1    | Entered Level 1 of the Orcish Mines
 32694 | Orc:1    | Noticed Gastronok
 32700 | Orc:1    | Killed Gastronok
 32837 | Orc:1    | Found Roczesea's Food Shop.
 32898 | Orc:1    | Reached XP level 16. HP: 133/133 MP: 22/22
 32930 | Orc:1    | Received a gift from Okawaru
 33249 | Orc:2    | Entered Level 2 of the Orcish Mines
 33272 | Orc:1    | HP: 2/133 [stone giant (18)]
 33825 | Orc:2    | Found a staircase to the Elven Halls.
 33906 | Orc:2    | Received a gift from Okawaru
 34171 | Orc:2    | Reached skill level 15 in Crossbows
 34328 | Orc:2    | Found Yzijiof's Jewellery Emporium.
 34328 | Orc:2    | Found Orghuc's Distillery.
 34328 | Orc:2    | Found Qelylibb's Assorted Antiques.
 34344 | Orc:2    | Found Giemyuqa's Food Emporium.
 34354 | Orc:2    | Bought a potion of heal wounds for 65 gold pieces
 34354 | Orc:2    | Bought a potion of heal wounds for 65 gold pieces
 34354 | Orc:2    | Bought a potion of heal wounds for 65 gold pieces
 34354 | Orc:2    | Bought a potion of heal wounds for 65 gold pieces
 34354 | Orc:2    | Bought a potion of curing for 39 gold pieces
 34372 | Orc:2    | Bought a +6 amulet of reflection for 760 gold pieces
 34465 | Orc:2    | Noticed Nessos
 34471 | Orc:2    | Killed Nessos
 35183 | Swamp:1  | Entered Level 1 of the Swamp
 35737 | Swamp:1  | Received a gift from Okawaru
 35752 | Swamp:1  | Gained mutation: You are agile. (Dex +2) [potion of mutation]
 35752 | Swamp:1  | Gained mutation: You are very agile. (Dex +4) [potion of mutation]
 36342 | Swamp:1  | Lost mutation: You are very agile. (Dex +4) [a Zot trap]
 36342 | Swamp:1  | Gained mutation: You occasionally shout uncontrollably at your foes. [a Zot trap]
 37613 | Swamp:2  | Received a gift from Okawaru
 38329 | Swamp:3  | Noticed Mara
 38336 | Swamp:3  | Noticed Ymberto's illusion
 38420 | Swamp:3  | Noticed Ymberto's illusion
 38520 | Swamp:3  | Noticed Ymberto's illusion
 38858 | Swamp:3  | Killed Mara
 38858 | Swamp:3  | Received a gift from Okawaru
 38858 | Swamp:3  | Received a gift from Okawaru
 38858 | Swamp:3  | Reached skill level 10 in Armour
 38963 | Swamp:3  | Noticed a thorn hunter
 38972 | Swamp:3  | Killed a thorn hunter
 38972 | Swamp:3  | Reached XP level 17. HP: 109/139 MP: 23/23
 39306 | Swamp:3  | Noticed Aizul
 39322 | Swamp:3  | Killed Aizul
 39514 | Swamp:4  | Entered Level 4 of the Swamp
 39652 | Swamp:4  | Noticed Th3D0c's ghost (adept MiBe)
 39695 | Swamp:4  | Killed Th3D0c's ghost
 40002 | Swamp:4  | Noticed wojtek's ghost (adept MiFi)
 40152 | Swamp:4  | Received a gift from Okawaru
 40155 | Swamp:4  | Got a twisted arbalest {god gift}
 40161 | Swamp:3  | Identified the +6 arbalest of Saomaerchaq {penet, MP+9 Int+5 Stlth+} (Okawaru gifted it to you on level 4 of the Swamp)
 40422 | Swamp:4  | Noticed a thorn hunter
 40426 | Swamp:4  | Killed a thorn hunter
 40615 | Swamp:4  | Killed wojtek's ghost
 40711 | Swamp:4  | Noticed the 27-headed Lernaean hydra
 40762 | Swamp:4  | Killed the 27-headed Lernaean hydra
 40762 | Swamp:4  | Received a gift from Okawaru
 40992 | Swamp:4  | Got a decaying rune of Zot
 41883 | Temple   | Lost mutation: You occasionally shout uncontrollably at your foes. [potion of mutation]
 41883 | Temple   | Lost mutation: You are agile. (Dex +2) [potion of mutation]
 41883 | Temple   | Gained mutation: You are robust. (+10% HP) [potion of mutation]
 41883 | Temple   | Gained mutation: You do not regenerate when monsters are visible. [potion of mutation]
 41883 | Temple   | Gained mutation: Your flesh is heat resistant. (rF+) [potion of mutation]
 42126 | Snake:1  | Entered Level 1 of the Snake Pit
 42149 | Snake:1  | Found Eklidghao's Assorted Antiques.
 42282 | Snake:1  | Bought a scratched marble ring for 145 gold pieces
 42356 | Snake:1  | Received a gift from Okawaru
 42805 | Snake:1  | Received a gift from Okawaru
 43105 | Snake:1  | Found Derycemn's Gadget Emporium.
 43166 | Snake:1  | Reached XP level 18. HP: 160/160 MP: 24/24
 43672 | Snake:1  | Found Lomuig's Weapon Shoppe.
 43761 | Snake:1  | Found Wobbuq's Jewellery Shoppe.
 44363 | Snake:2  | Got a fine great mace
 44372 | Snake:1  | Identified the +10 great mace of the Shoals {antimagic, rN++ Str-2 Dex+4} (You found it on level 2 of the Snake Pit)
 45001 | Snake:2  | Reached skill level 15 in Fighting
 45958 | Snake:3  | Received a gift from Okawaru
 46669 | Snake:4  | Entered Level 4 of the Snake Pit
 47215 | Snake:4  | Received a gift from Okawaru
 47222 | Snake:4  | Reached skill level 16 in Fighting
 47232 | Snake:4  | Reached XP level 19. HP: 96/172 MP: 14/25
 47246 | Snake:4  | Received a gift from Okawaru
 47830 | Snake:4  | Noticed aaksess's ghost (adept DDAr)
 47865 | Snake:4  | Killed aaksess's ghost
 47915 | Snake:4  | Reached skill level 15 in Maces & Flails
 47916 | Snake:4  | Noticed Vashnia
 47931 | Snake:4  | Killed Vashnia
 47974 | Snake:4  | Received a gift from Okawaru
 47978 | Snake:4  | Got a smoking arbalest {god gift}
 48261 | Snake:4  | Reached skill level 17 in Fighting
 48265 | Snake:4  | Identified the +7 arbalest of Embarrassment {penet, Dex+5} (Okawaru gifted it to you on level 4 of the Snake Pit)
 48684 | Snake:4  | Got a serpentine rune of Zot
 49350 | Elf:1    | Entered Level 1 of the Elven Halls
 49426 | Elf:1    | Received a gift from Okawaru
 49706 | Elf:1    | Reached XP level 20. HP: 107/184 MP: 26/26
 50387 | Elf:1    | Found Felor's Magic Scroll Shop.
 50392 | Elf:1    | Bought a scroll of enchant armour for 105 gold pieces
 50893 | Elf:1    | Identified the +0 demon blade "Berobli" {pain, Dex+4} (You took it off a deep elf high priest on level 1 of the Elven Halls)
 51050 | Elf:2    | Reached skill level 18 in Fighting
 51378 | Elf:2    | Received a gift from Okawaru
 51422 | Elf:2    | Found a runed gate.
 51422 | Elf:2    | Found a runed gate.
 51423 | Elf:2    | Found a runed gate.
 51708 | Elf:2    | Received a gift from Okawaru
 52625 | Elf:3    | Entered Level 3 of the Elven Halls
 52979 | Elf:3    | Noticed Bai Suzhen
 52997 | Elf:3    | Killed Bai Suzhen
 53144 | Elf:3    | Reached XP level 21. HP: 135/194 MP: 16/27
 53156 | Elf:3    | Received a gift from Okawaru
 53442 | Elf:3    | Got a warped granite ring
 53621 | Elf:3    | Got a smoking bone amulet
 53988 | Temple   | Identified the amulet of Vuiph {+Rage rF+ rC+ Str+3} (You took it off a deep elf death mage on level 3 of the Elven Halls)
 54023 | Temple   | Identified the ring "Nobloj" {rF- MR++ EV+5 Dex+4 Stlth+} (You took it off a deep elf demonologist on level 3 of the Elven Halls)
 54637 | Elf:3    | Got a pitted scale mail
 54648 | Elf:3    | Identified the +1 scale mail of Anaesthesia {rElec Regen+} (You took it off a deep elf high priest on level 3 of the Elven Halls)
 54798 | Elf:3    | Got a bloodstained ring mail
 54809 | Elf:3    | Identified the cursed +1 ring mail of Tifavype {rPois} (You took it off a deep elf high priest on level 3 of the Elven Halls)
 54860 | Elf:3    | Got an ancient ring mail
 54871 | Elf:3    | Identified the +3 ring mail of the Midnight Sun {rElec Dex+3} (You found it on level 3 of the Elven Halls)
 54902 | Elf:3    | Found the +1 cloak of Starlight {rElec rC+ EV+4 Stlth--}
 55461 | Elf:3    | Got a heavily runed plate armour
 55472 | Elf:3    | Identified the +10 plate armour of Xubadduo {+Fly MP+9 Str-3} (You found it on level 3 of the Elven Halls)
 55842 | Temple   | Lost mutation: You are robust. (+10% HP) [potion of mutation]
 55842 | Temple   | Lost mutation: Your flesh is heat resistant. (rF+) [potion of mutation]
 55842 | Temple   | Gained mutation: You are weak. (Str -2) [potion of mutation]
 55842 | Temple   | Gained mutation: You have a somewhat thin skeletal structure. (Dex +2, Stealth) [potion of mutation]
 55842 | Temple   | Gained mutation: You are very weak. (Str -4) [potion of mutation]
 55842 | Temple   | Gained mutation: You are resistant to hostile enchantments. (MR+) [potion of mutation]
 55843 | Temple   | Lost mutation: You are resistant to hostile enchantments. (MR+) [potion of mutation]
 55843 | Temple   | Lost mutation: You are very weak. (Str -4) [potion of mutation]
 55843 | Temple   | Lost mutation: You have a somewhat thin skeletal structure. (Dex +2, Stealth) [potion of mutation]
 55843 | Temple   | Lost mutation: You are weak. (Str -2) [potion of mutation]
 55843 | Temple   | Gained mutation: You have a somewhat thin skeletal structure. (Dex +2, Stealth) [potion of mutation]
 55843 | Temple   | Gained mutation: You passively map a small area around you. [potion of mutation]
 55843 | Temple   | Gained mutation: You are somewhat resistant to further mutation. [potion of mutation]
 55844 | Temple   | Lost mutation: You do not regenerate when monsters are visible. [potion of mutation]
 55844 | Temple   | Lost mutation: You passively map a small area around you. [potion of mutation]
 55844 | Temple   | Gained mutation: You have an increased reservoir of magic. (+10% MP) [potion of mutation]
 55845 | Temple   | Lost mutation: You have a somewhat thin skeletal structure. (Dex +2, Stealth) [potion of mutation]
 55845 | Temple   | Lost mutation: You are somewhat resistant to further mutation. [potion of mutation]
 55845 | Temple   | Lost mutation: You have an increased reservoir of magic. (+10% MP) [potion of mutation]
 55845 | Temple   | Gained mutation: You passively map a small area around you. [potion of mutation]
 55845 | Temple   | Gained mutation: You evolve. [potion of mutation]
 55845 | Temple   | Gained mutation: Your spells are a little harder to cast, but a little more powerful. [potion of mutation]
 55845 | Temple   | Gained mutation: You have a pair of small horns on your head. [potion of mutation]
 55846 | Temple   | Lost mutation: Your spells are a little harder to cast, but a little more powerful. [potion of mutation]
 55846 | Temple   | Lost mutation: You evolve. [potion of mutation]
 55846 | Temple   | Lost mutation: You have a pair of small horns on your head. [potion of mutation]
 55846 | Temple   | Gained mutation: You are partially covered in rugged brown scales. (AC +1, +3% HP) [potion of mutation]
 56064 | Vaults:1 | Entered Level 1 of the Vaults
 56731 | Vaults:1 | Received a gift from Okawaru
 56751 | Vaults:1 | Reached skill level 15 in Armour
 56755 | Vaults:1 | Received a gift from Okawaru
 57059 | Vaults:1 | Received a gift from Okawaru
 57064 | Vaults:1 | Got a faintly glowing dire flail {god gift}
 57065 | Vaults:1 | Identified the +10 dire flail "Yboemoust" {freeze, +Fly rElec rN+++ Dex-5} (Okawaru gifted it to you on level 1 of the Vaults)
 57356 | Vaults:1 | Reached XP level 22. HP: 189/189 MP: 28/28
 57390 | Vaults:1 | Found Aschosk's General Store.
 57393 | Vaults:1 | Noticed Jorgrun
 57399 | Vaults:1 | Killed Jorgrun
 57590 | Vaults:1 | Reached skill level 10 in Dodging
 57997 | Vaults:1 | Found Buizudiw's Book Emporium.
 58295 | Vaults:2 | Received a gift from Okawaru
 58481 | Vaults:2 | Found a staircase to the Crypt.
 58939 | Vaults:2 | Received a gift from Okawaru
 60745 | Vaults:3 | Reached XP level 23. HP: 183/197 MP: 29/29
 60963 | Vaults:3 | Received a gift from Okawaru
 61109 | Vaults:3 | Received a gift from Okawaru
 62076 | Vaults:4 | Noticed Jory
 62542 | Vaults:4 | Reached skill level 19 in Fighting
 62953 | Vaults:4 | Received a gift from Okawaru
 63378 | Vaults:4 | Received a gift from Okawaru
 63489 | Vaults:4 | Killed Jory
 63641 | Vaults:5 | Entered Level 5 of the Vaults
 64180 | Vaults:4 | Received a gift from Okawaru
 64803 | Vaults:5 | Reached XP level 24. HP: 191/209 MP: 12/29
 64812 | Vaults:5 | Noticed wistyy's ghost (adept MiFi)
 64856 | Vaults:5 | Killed wistyy's ghost
 64856 | Vaults:5 | Received a gift from Okawaru
 64876 | Vaults:5 | Got a polished plate armour
 64887 | Vaults:5 | Identified the +1 plate armour of Dashaimu {MR++ Int+3} (You found it on level 5 of the Vaults)
 64899 | Vaults:5 | Noticed an ancient lich
 64923 | Vaults:5 | Killed an ancient lich
 64929 | Vaults:5 | Got a silver rune of Zot
 65057 | Vaults:5 | Got a scorched arbalest
 65058 | Vaults:5 | Identified the +6 arbalest "Cibess" {penet, rC- Dex+3 SInv} (You found it on level 5 of the Vaults)
 65471 | Vaults:5 | Noticed an ancient lich
 65963 | Vaults:5 | Reached skill level 20 in Fighting
 65977 | Vaults:5 | Received a gift from Okawaru
 65979 | Vaults:5 | Killed an ancient lich
 66020 | Vaults:5 | Noticed a golden dragon
 66501 | Vaults:5 | Noticed a golden dragon
 66511 | Vaults:5 | Killed a golden dragon
 66516 | Vaults:5 | Killed a golden dragon
 66601 | Vaults:5 | Received a gift from Okawaru
 66744 | Vaults:5 | Received a gift from Okawaru
 67361 | Vaults:5 | Got a transparent sapphire amulet
 67363 | Vaults:5 | Got a brightly glowing golden ring
 67484 | Vaults:5 | Reached XP level 25. HP: 216/216 MP: 29/29
 67668 | Vaults:5 | Noticed an ancient lich
 67674 | Vaults:5 | Killed an ancient lich
 67754 | Vaults:5 | Found Oschefupn's Assorted Antiques.
 67769 | Vaults:5 | Bought a scroll of acquirement for 1820 gold pieces
 67796 | Vaults:5 | Got a twisted helmet
 67807 | Vaults:5 | Identified the +2 helmet "Jiossalu" {rPois rF+ rN++ Stlth-} (You acquired it on level 5 of the Vaults)
 67817 | Vaults:5 | Identified the amulet of Vufe {rF+ Regen+} (You took it off a yaktaur captain on level 5 of the Vaults)
 67819 | Vaults:5 | Identified the ring of Beni {Ice Str+8 Int+3 Slay-4} (You took it off a deep elf annihilator on level 5 of the Vaults)
 68245 | Vaults:5 | Found Okhlydeg's Jewellery Emporium.
 68986 | Crypt:1  | Entered Level 1 of the Crypt
 70251 | Crypt:2  | Received a gift from Okawaru
 70577 | Crypt:3  | Entered Level 3 of the Crypt
 71274 | Crypt:3  | Found a staircase to the Tomb.
 71994 | Crypt:3  | Found a basalt altar of Yredelemnul.
 72031 | Crypt:3  | Noticed an ancient lich
 72082 | Crypt:3  | Killed an ancient lich
 72082 | Crypt:3  | Received a gift from Okawaru
 72101 | Crypt:3  | Got a ruby-encrusted chain mail {god gift}
 72112 | Crypt:3  | Identified the +5 chain mail of the Aged Moons {-Cast +Fly Slay+4 SInv} (Okawaru gifted it to you on level 3 of the Crypt)
 72156 | Crypt:3  | Reached XP level 26. HP: 176/224 MP: 9/29
 72343 | Crypt:3  | Reached skill level 15 in Dodging
 72375 | Crypt:3  | Identified the Incunabulum of Sinister Rituals
 72908 | Crypt:3  | Got a vibrating amber ring
 72908 | Crypt:3  | Got a heavily runed lapis lazuli ring
 72924 | Crypt:3  | Identified the ring of Noelaug {*Slow +Inv rN+ MR+ Str+3} (You found it on level 3 of the Crypt)
 72926 | Crypt:3  | Identified the ring of Xom's Bemusement {*Corrode rElec rPois rN+} (You found it on level 3 of the Crypt)
 73185 | Tomb:1   | Entered Level 1 of the Tomb of the Ancients
 73711 | Tomb:1   | Noticed a greater mummy
 73724 | Tomb:1   | Killed a greater mummy
 73739 | Tomb:1   | Noticed a greater mummy
 73739 | Tomb:1   | Received a gift from Okawaru
 74263 | Tomb:1   | Killed a greater mummy
 74465 | Tomb:1   | Got a transparent chain mail {god gift}
 74476 | Tomb:1   | Identified the +2 chain mail of Bad Feelings {rElec rF- rN+ Dex+4} (Okawaru gifted it to you on level 1 of the Tomb of the Ancients)
 75257 | Tomb:1   | Noticed a greater mummy
 75268 | Tomb:1   | Killed a greater mummy
 76026 | Tomb:1   | Noticed a greater mummy
 76026 | Tomb:1   | Noticed a greater mummy
 76027 | Tomb:1   | Noticed a greater mummy
 76823 | Depths:1 | Entered Level 1 of the Depths
 77460 | Depths:1 | Reached XP level 27. HP: 230/230 MP: 29/29
 77508 | Depths:1 | Noticed Sojobo
 77563 | Depths:1 | Killed Sojobo
 77763 | Depths:1 | Found a gateway to Hell.
 77830 | Depths:1 | Received a gift from Okawaru
 77921 | Depths:1 | Found a burning altar of Makhleb.
 78009 | Depths:1 | Found a burning altar of Makhleb.
 78010 | Depths:1 | Found the cursed +14 obsidian axe {chop, +Fly SInv *Curse}
 78109 | Depths:1 | Found a one-way gate to the infinite horrors of the Abyss.
 78263 | Depths:1 | Found Rov Zunk's Antique Armour Shop.
 78263 | Depths:1 | Found Jur Vuo's Distillery.
 78264 | Depths:1 | Found Duju Fojyss's Assorted Antiques.
 78268 | Depths:1 | Found Buta's Book Boutique.
 78271 | Depths:1 | Bought an encrusted helmet for 313 gold pieces
 78336 | Depths:1 | Identified the -5 helmet of Egalitarianism {rPois Str+4} (You bought it in a shop on level 1 of the Depths)
 78689 | Depths:2 | Received a gift from Okawaru
 78690 | Depths:2 | Got a pair of bloodstained boots {god gift}
 78723 | Depths:2 | Identified the +0 pair of boots of Jaffinko {rElec Int+4} (Okawaru gifted it to you on level 2 of the Depths)
 79815 | Depths:3 | Noticed an ancient lich
 79818 | Depths:3 | Killed an ancient lich
 79827 | Depths:3 | HP: 3/230 [acid (11)]
 80303 | Depths:3 | Got a turquoise-encrusted chain mail
 80304 | Depths:3 | Identified the +7 chain mail of Uskayaw's Castigation {*Slow rF+ MR+} (You found it on level 3 of the Depths)
 80307 | Depths:3 | Got a flickering jade ring
 80308 | Depths:3 | Identified the ring "Hajiu" {rF+ rC- Str+2 Int+2 SInv} (You found it on level 3 of the Depths)
 80370 | Depths:3 | Received a gift from Okawaru
 80529 | Depths:3 | Found a one-way gate leading to the halls of Pandemonium.
 80628 | Depths:3 | Received a gift from Okawaru
 81644 | Depths:3 | Received a gift from Okawaru
 81946 | Depths:3 | Received a gift from Okawaru
 82006 | Depths:3 | Noticed a juggernaut
 82014 | Depths:3 | Killed a juggernaut
 82036 | Depths:3 | Received a gift from Okawaru
 82088 | Depths:3 | Received a gift from Okawaru
 82412 | Depths:3 | Received a gift from Okawaru
 83025 | Depths:4 | Noticed Mennas
 83051 | Depths:4 | Killed Mennas
 83061 | Depths:4 | Noticed Margery
 83078 | Depths:4 | Killed Margery
 83334 | Depths:4 | Noticed a juggernaut
 83343 | Depths:4 | Killed a juggernaut
 83631 | Depths:4 | Found a gateway to a ziggurat.
 83934 | Depths:4 | Got a smelly scale mail
 83935 | Depths:4 | Identified the +4 scale mail "Lathri" {MR++ MP+9 Slay+5} (You found it on level 4 of the Depths)
 84087 | Depths:5 | Entered Level 5 of the Depths
 84221 | Depths:5 | Received a gift from Okawaru
 85974 | Depths:5 | Reached skill level 21 in Fighting
 85979 | Depths:5 | Found a gate to the Realm of Zot.
 86225 | Hell     | Entered the Vestibule of Hell
 86225 | Hell     | Noticed Geryon
 86469 | Hell     | Killed Geryon
 87330 | Depths:4 | Received a gift from Okawaru
 87578 | Depths:4 | Reached skill level 22 in Fighting
 88176 | Depths:4 | Gained mutation: Your magical capacity is low. (-10% MP) [a cacodemon]
 88180 | Depths:4 | Gained mutation: Your mind is acute. (Int +2) [a cacodemon]
 88634 | Hell     | Found a gateway to the Iron City of Dis.
 88697 | Hell     | Found a gateway to the ashen valley of Gehenna.
 88799 | Hell     | Found a gateway to the decaying netherworld of Tartarus.
 88869 | Hell     | Found a gateway to the freezing wastes of Cocytus.
 88955 | Coc:1    | Entered Level 1 of Cocytus
 89485 | Coc:1    | Reached skill level 23 in Fighting
 89897 | Coc:2    | Received a gift from Okawaru
 90000 | Coc:4    | Noticed a shard shrike
 90003 | Coc:4    | Killed a shard shrike
 90174 | Coc:4    | Noticed a shard shrike
 90180 | Coc:4    | Killed a shard shrike
 90554 | Coc:5    | Noticed a shard shrike
 90594 | Coc:6    | Reached skill level 24 in Fighting
 91194 | Coc:6    | Received a gift from Okawaru
 91368 | Coc:7    | Entered Level 7 of Cocytus
 91573 | Hell     | Reached skill level 25 in Fighting
 92120 | Coc:5    | Noticed a shard shrike
 92130 | Coc:5    | Killed a shard shrike
 92136 | Coc:5    | Killed a shard shrike
 92136 | Coc:5    | Received a gift from Okawaru
 92285 | Coc:7    | HP: 12/249 [something (4)]
 93839 | Coc:2    | You fall through a shaft for 2 floors!
 93871 | Coc:4    | Noticed a shard shrike
 93873 | Coc:4    | Noticed a shard shrike
 93879 | Coc:4    | Killed a shard shrike
 93882 | Coc:4    | Killed a shard shrike
 93969 | Coc:7    | Received a gift from Okawaru
 93982 | Coc:7    | Reached skill level 26 in Fighting
 94016 | Coc:7    | Received a gift from Okawaru
 94687 | Coc:6    | Noticed a shard shrike
 94688 | Coc:6    | Noticed a shard shrike
 94689 | Coc:6    | Noticed a shard shrike
 94689 | Coc:6    | Noticed a shard shrike
 94710 | Coc:6    | Noticed a shard shrike
 95164 | Coc:3    | Noticed a shard shrike
 95184 | Coc:3    | Killed a shard shrike
 95718 | Coc:1    | You fall through a shaft!
 95847 | Coc:5    | Noticed a shard shrike
 95860 | Coc:5    | Killed a shard shrike
 96606 | Coc:7    | Received a gift from Okawaru
 96701 | Coc:7    | HP: 4/254 [Ice Fiend/bolt of cold (17)]
 96706 | Coc:7    | Slain by a six-headed hydra zombie

Skill      XL: |  1  2  3  4  5  6  7  8  9 10 11 12 13 14 15 16 17 18 19 20 21 22 23 24 25 26 27 |
---------------+----------------------------------------------------------------------------------+-----
Fighting       | 3 4 5 10 11 13 14 16 17 18 19 20 26 | 26.8
Maces & Flails | 2 5 10 11 12 14 15 17 18 19 20 | 20.2
Armour         | 1 3 7 8 10 13 15 18 19 20 24 | 24.0
Dodging        | 5 9 10 14 18 21 | 21.0
Crossbows      | 6 9 10 14 16 17 18 | 18.0
Invocations    | 7 8 |  8.0
Stealth        | |  1.0

Action                   |  1- 3 |  4- 6 |  7- 9 | 10-12 | 13-15 | 16-18 | 19-21 | 22-24 | 25-27 || total
-------------------------+-------+-------+-------+-------+-------+-------+-------+-------+-------++-------
Melee: Short sword       |    98 |    92 |       |       |       |       |       |       |       ||   190
       Flail             |       |   132 |   290 |   534 |       |       |       |       |       ||   956
       Morningstar       |       |       |       |   381 |   244 |       |       |       |       ||   625
       Mace              |       |       |       |       |    18 |       |       |       |       ||    18
       Punch             |       |       |       |       |     1 |       |       |       |       ||     1
       Arbalest          |       |       |       |       |     3 |       |     1 |       |     2 ||     6
       Eveningstar       |       |       |       |       |       |   241 |       |       |       ||   241
       Great mace        |       |       |       |       |       |    19 |   122 |   411 |  2487 ||  3039
 Fire: Hand crossbow     |    19 |    68 |    43 |    74 |       |       |       |       |       ||   204
       Arbalest          |       |       |       |       |   718 |  1112 |   918 |  1066 |  2065 ||  5879
Invok: Heroism           |       |       |     1 |     4 |     3 |       |       |       |       ||     8
       Finesse           |       |       |       |     3 |     8 |     4 |     8 |     4 |    14 ||    41
 Abil: Evoke Flight      |       |       |       |       |       |       |       |     1 |     5 ||     6
       Evoke Berserk Rag |       |       |       |       |       |       |       |     1 |       ||     1
Evoke: Wand              |       |       |       |     3 |       |       |       |       |       ||     3
  Use: Scroll            |       |     5 |    13 |    21 |    19 |    11 |    10 |     5 |    25 ||   109
       Potion            |       |     3 |     5 |     4 |       |     3 |     8 |       |    21 ||    44
 Stab: Sleeping          |     3 |     3 |     2 |     3 |     1 |       |       |       |       ||    12
       Confused          |       |       |       |       |       |     1 |       |       |       ||     1
  Eat: Ration            |     1 |     1 |     3 |     6 |     7 |     9 |     6 |     3 |    22 ||    58
       Chunk             |       |     8 |     6 |    19 |    18 |    14 |    11 |    22 |    20 ||   118
Armor: Leather armour    |    25 |    76 |    74 |       |       |       |       |       |       ||   175
       Chain mail        |       |       |    33 |     4 |       |       |       |       |  1315 ||  1352
       Plate armour      |       |       |       |   652 |       |       |    90 |   539 |   306 ||  1587
       Ring mail         |       |       |       |    49 |   286 |       |       |       |       ||   335
       Scale mail        |       |       |       |       |    88 |   390 |   118 |       |       ||   596
Dodge: Dodged            |    76 |   218 |   225 |   398 |   524 |   604 |   394 |   910 |  6265 ||  9614
       Deflected         |       |       |       |       |     6 |       |    30 |       |       ||    36
Block: Other             |       |       |       |       |       |   210 |    71 |       |       ||   281
       Reflection        |       |       |       |       |       |     7 |    12 |       |       ||    19
